 Dungeon Crawl Stone Soup version 0.31-a0-1009-g454b1f1e0a (webtiles) character file.

Game seed: 1198512282182024806

109 Dirtsage the Chopper (level 4, 0/35 HPs)
             Began as a Demonspawn Berserker on Nov 14, 2023.
             Was a Believer of Trog.
             Slain by an iguana (8 damage)
             ... on level 4 of the Dungeon.
             The game lasted 00:03:46 (2730 turns).

Dirtsage the Chopper (Demonspawn Berserker)         Turns: 2730, Time: 00:03:47

Health: 0/35       AC: 11    Str: 20    XL:     4   Next: 59%
Magic:  4/4        EV:  8    Int:  8    God:    Trog [**....]
Gold:   167        SH:  0    Dex: 12    Spells: 3/3 levels left

rFire   . . .        a - +0 hand axe
rCold   + . .        (no shield)
rNeg    . . .        n - +0 chain mail
rPois   .            g - +0 helmet
rElec   .            (no cloak)
rCorr   +            (no gloves)
SInv    .            (no boots)
Will    .....        (no amulet) Stlth
                     I - ring of protection from cold
HPRegen 0.25/turn    C - ring of resist corrosion
MPRegen 0.09/turn

%: no passive effects
@: no status effects
A: claws 1, slimy green scales 1, powered by pain 1
a: Renounce Religion, Berserk, Trog's Hand


You were on level 4 of the Dungeon.
You worshipped Trog.
Trog was pleased with you.
You visited 1 branch of the dungeon, and saw 4 of its levels.

You collected 167 gold pieces.

Inventory:

Hand Weapons
 a - a +0 hand axe (weapon)
Armour
 b - a +0 animal skin
 g - a +0 helmet (worn)
 n - a +0 chain mail (worn)
Jewellery
 C - a ring of resist corrosion (right claw)
 I - a ring of protection from cold (left claw)
Wands
 r - a wand of charming (4)
Scrolls
 c - a scroll of enchant weapon {unknown}
 d - 2 scrolls of identify {unknown}
 h - a scroll of noise {unknown}
 j - 2 scrolls of revelation {unknown}
 m - a scroll of teleportation {unknown}
 o - 2 scrolls of immolation {unknown}
 p - a scroll of vulnerability {unknown}
Potions
 e - 2 potions of enlightenment {unknown}
 f - a potion of haste {unknown}
 i - a potion of might {unknown}
 k - 3 potions of heal wounds {unknown}
 l - a potion of brilliance {unknown}
 q - a potion of attraction {unknown}


   Skills:
 - Level 3.0 Fighting
 - Level 4.5 Axes
 - Level 1.7 Armour
 - Level 1.7 Dodging
 * Level 1.6 Unarmed Combat


You had 3 spell levels left.
You didn't know any spells.
Your spell library contained the following spells:

 Spells                   Type           Power      Damage    Failure   Level
 Apportation              Tloc           0%         N/A       98%         1
 Necrotise                Necr           0%         1d4       98%         1
 Summon Small Mammal      Summ           0%         N/A       98%         1


Dungeon Overview and Level Annotations

Branches:
Dungeon (4/15)
 Temple: D:4-7

Altars:
Gozag
Kikubaaqudgha
Qazlal
Wu Jian
Yredelemnul


Innate Abilities, Weirdness & Mutations

You have sharp fingernails.
You are partially covered in slimy green scales. (AC +2)
You sometimes gain a little power by taking damage.


Message History

The iguana is lightly wounded.
The iguana closely misses you.
You hit the iguana but do no damage. Your claw misses the iguana.
The iguana is lightly wounded.
The iguana bites you but does no damage.
You closely miss the iguana.
The iguana is lightly wounded.
The iguana bites you.
You take 5 damage, and have 28/35 hp.
You hit the iguana.
The iguana is moderately wounded.
The iguana bites you but does no damage.
You hit the iguana.
The iguana is heavily wounded.
The iguana closely misses you.
You hit the iguana.
The iguana is severely wounded.
The iguana bites you!
You take 10 damage, and have 19/35 hp.
MASSIVE DAMAGE!!
You are too injured to fight recklessly!
You are too injured to fight recklessly!
You are too injured to fight recklessly!
You barely miss the iguana.
The iguana is severely wounded.
The iguana bites you.
You take 3 damage, and have 16/35 hp.
You closely miss the iguana.
The iguana is severely wounded.
The iguana bites you.
You take 3 damage, and have 13/35 hp.
You hit the iguana.
The iguana is almost dead.
The iguana bites you but does no damage.
The iguana bites you.
* * * LOW HITPOINT WARNING * * *
You take 5 damage, and have 8/35 hp.
You hit the iguana but do no damage.
The iguana is almost dead.
The iguana bites you!
You die...

.._.. ... #.
... #.. ... #.
#.$####.####...
#............
#......l.>#
#.....@..#
#.....†..#
#........#
#........#
#........#
#........####.
###...........
#....####..# #.
#....# .#...


You could see an iguana.

Vanquished Creatures
  A hound (D:4)
  An adder (D:2)
  A worm (D:3)
  2 dart slugs (D:2)
  5 orcs
  8 ball pythons
  3 bats
  5 endoplasms
  2 giant cockroaches (D:1)
  5 goblins
  7 hobgoblins
  4 jackals (D:1)
  3 quokkas (D:1)
  2 frilled lizards
  2 kobolds
  3 rats (D:1)
54 creatures vanquished.

Notes
Turn   | Place    | Note
-------+----------+-------------------------------------------
     0 | D:1      | Dirtsage the Demonspawn Berserker began the quest for the
                  | Orb.
     0 | D:1      | Reached XP level 1. HP: 18/18 MP: 1/1
   132 | D:1      | Reached skill level 3 in Axes
   213 | D:1      | Gained mutation: You sometimes gain a little power by
                  | taking damage. [demonic ancestry]
   213 | D:1      | Reached XP level 2. HP: 20/24 MP: 2/2
   846 | D:1      | Gained mutation: You are partially covered in slimy green
                  | scales. (AC +2) [demonic ancestry]
   846 | D:1      | Reached XP level 3. HP: 29/29 MP: 3/3
  1049 | D:2      | Found a stormy altar of Qazlal.
  1119 | D:2      | Reached skill level 4 in Axes
  1788 | D:2      | Reached ** piety under Trog
  2132 | D:3      | Gained mutation: You have sharp fingernails. [demonic
                  | ancestry]
  2132 | D:3      | Reached XP level 4. HP: 22/35 MP: 4/4
  2364 | D:3      | Found an ancient bone altar of Kikubaaqudgha.
  2441 | D:3      | Found an ornate altar of the Wu Jian Council.
  2471 | D:3      | Found an opulent altar of Gozag.
  2652 | D:4      | Reached skill level 1 in Unarmed Combat
  2719 | D:4      | Found a basalt altar of Yredelemnul.
  2730 | D:4      | Slain by an iguana

Illustrated notes

Levels and vault maps discovered:
D:1:      psy_arrival_radial02, layout_basic, nicolae_figureground_sparkle
D:2:      minmay_angry_zag, layout_basic, basic_altar
D:3:      layout_rooms, general_overflow_altar, marbit_many_paths,
          nicolae_gozag_cash_rules_everything_around_me, grunt_ministairs_4
D:4:      nicolae_cairo_tiling_large_dashed, layout_rooms, lemuel_tele_altar,
          mainiacjoe_overflow_alcove_2, chequers_serial_rivers_large_b

Skill      XL: |  1  2  3  4 |
---------------+-------------+-----
Axes           | 3 4 |  4.5
Unarmed Combat | 1 |  1.6
Fighting       | |  3.0
Armour         | |  1.7
Dodging        | |  1.7

Action                     |  1- 3 |  4- 6 || total
---------------------------+-------+-------++-------
  Melee: Hand axe          |   158 |    40 ||   198
         Punch             |     2 |       ||     2
   Stab: Sleeping          |     1 |       ||     1
 Armour: Animal skin       |    61 |       ||    61
         Chain mail        |    49 |    42 ||    91
  Dodge: Dodged            |    96 |    17 ||   113

Table legend: (Time is in decaauts)
 A = Elapsed time spent in this place.
 B = Non-inter-level travel time spent in this place.
 C = Inter-level travel time spent in this place.
 D = Time resting spent in this place.
 E = Time spent auto-exploring this place.
 F = Levels seen in this place.
 G = Mean time per level.
                   A        B        C        D        E       F      G
               +--------+--------+--------+--------+--------+-----+--------+
         Total |   2746 |   2576 |    170 |      0 |   2162 |   4 |  686.5 |
       Dungeon |   2746 |   2576 |    170 |      0 |   2162 |   4 |  686.5 |
               +--------+--------+--------+--------+--------+-----+--------+

Top non-repeatable levels by time:
     D:2: 1017 daAuts
     D:1: 998 daAuts
     D:3: 629 daAuts
     D:4: 100 daAuts
